 Dungeon Crawl Stone Soup version 0.31-a0-460-g9e667d4245 (webtiles) character file.

Game seed: 11991032618108025147

88 CraigForest the Cudgeller (level 4, -4/28 HPs)
             Began as a Gargoyle Monk on Aug 5, 2023.
             Slain by a gnoll
             ... wielding a +0 halberd
              (10 damage)
             ... on level 2 of the Dungeon.
             The game lasted 00:05:21 (984 turns).

CraigForest the Cudgeller (Gargoyle Monk)            Turns: 984, Time: 00:05:22

Health: -4/28      AC:  8    Str: 19    XL:     4   Next: 54%
Magic:  4/4        EV: 12    Int: 11    God:
Gold:   34         SH:  0    Dex: 12    Spells: 3/3 levels left

rFire   . . .        a - +0 mace
rCold   . . .        d - orb {light}
rNeg    + . .        b - +0 robe
rPois   ∞            p - +0 helmet of Suymim {+Inv Str+3}
rElec   +            (no cloak)
rCorr   .            (no gloves)
SInv    .            i - +0 pair of boots
Will    .....        (no amulet)
Stlth   +            (no ring)
HPRegen 0.24/turn    (no ring)
MPRegen 0.09/turn

%: no passive effects
@: glowing
A: sickness immunity, AC +3, negative energy resistance 1, electricity
resistance, torment resistance 1, petrification resistance
a: Evoke Invisibility


You were on level 2 of the Dungeon.
You visited 1 branch of the dungeon, and saw 2 of its levels.

You collected 34 gold pieces.

Inventory:

Hand Weapons
 a - a +0 mace (weapon)
Missiles
 j - 3 poisoned darts
 n - 6 boomerangs (quivered)
Armour
 b - a +0 robe (worn)
 d - an orb of light (worn)
 i - a +0 pair of boots (worn)
 p - the +0 helmet of Suymim (worn) {+Inv Str+3}
   (You took it off Robin on level 2 of the Dungeon)

   Str:       It affects your strength (+3).
   +Inv:      It lets you turn invisible.
 q - a +2 hat
Wands
 o - a wand of polymorph (13)
Scrolls
 g - a scroll of identify {unknown}
 k - a scroll of immolation {unknown}
Potions
 c - a potion of ambrosia
 e - 2 potions of magic {unknown}
 f - a potion of heal wounds {unknown}
 h - a potion of might {unknown}
 l - a potion of haste {unknown}
 m - 2 potions of mutation {unknown}


   Skills:
 + Level 3.6 Fighting
 + Level 3.7 Maces & Flails
 + Level 0.8 Throwing
 * Level 2.3 Armour
 + Level 2.7 Dodging
 + Level 0.4 Stealth


You had 3 spell levels left.
You didn't know any spells.
Your spell library was empty.

Dungeon Overview and Level Annotations

Branches:
Dungeon (2/15)

Altars:


Innate Abilities, Weirdness & Mutations

You are immune to sickness and miasma.
Your stone body is resilient. (AC +3)
You are immune to poison.
You resist negative energy. (rN+)
You are resistant to electric shocks. (rElec)
You are resistant to unholy torment.
You are immune to petrification.


Message History

Jessica the Apprentice Sorceress comes into view.
She is wielding a +0 club.
Jessica shouts!
Jessica gestures wildly while chanting.
Jessica blinks!
You see here a +2 hat.
Found 11 gold pieces.
Jessica casts a spell at you. Pain shoots through your body!
Found a stone staircase leading down.
Jessica closely misses you.
You sock Jessica!
Jessica is severely wounded.
Jessica hits you but does no damage.
Jessica gestures wildly while chanting.
Jessica seems to speed up.
You hit Jessica.
You kill Jessica!
Your Armour skill increases to level 2!
You see here a +2 hat.
q - a +2 hat A gnoll comes into view. It is wielding a +0 club.
The gnoll shouts!
You hear a shout! x2
A gnoll comes into view. It is wielding a +0 halberd.
You see here 11 gold pieces.
You now have 34 gold pieces (gained 11).
The gnoll closely misses you. The gnoll hits you with a +0 halberd.
You barely miss the gnoll. The gnoll hits you with a +0 halberd.
You barely miss the gnoll. The gnoll completely misses you.
You hit the gnoll.
The gnoll is heavily wounded.
The gnoll hits you with a +0 halberd. The gnoll hits you with a +0 halberd!
* * * LOW HITPOINT WARNING * * *
You barely miss the gnoll.
The gnoll is heavily wounded.
The gnoll closely misses you.
Okay, then.
You hit the gnoll.
The gnoll is severely wounded.
The gnoll hits you with a +0 halberd!
You die...

.....># ####.#.#.# #
#...)..#.# #.. #.
#.#...# #.. #.
#.....#
#..#####.##...###
##....##.#....#
+...........#.#####
#....###...#..@gg#
#...†)....######.#
#.....##### #
#...###.# #.# #.# ###
..#####.# #.#
#.....)####.#
.......†.)...#
#.....#))....#####..#


You could see 2 gnolls.

Vanquished Creatures
  Jessica (D:2)
  Robin (D:2)
  A worm (D:2)
  4 dart slugs
  3 ball pythons (D:1)
  A bat (D:1)
  A giant cockroach (D:1)
  5 hobgoblins
  A jackal (D:1)
  2 kobolds (D:1)
  A quokka (D:1)
  2 frilled lizards
  11 goblins
  5 rats
39 creatures vanquished.

Notes
Turn   | Place    | Note
-------+----------+-------------------------------------------
     0 | D:1      | CraigForest the Gargoyle Monk began the quest for the Orb.
     0 | D:1      | Reached XP level 1. HP: 14/14 MP: 1/1
   274 | D:1      | Reached XP level 2. HP: 19/19 MP: 2/2
   553 | D:1      | Reached skill level 1 in Armour
   553 | D:1      | Reached XP level 3. HP: 12/23 MP: 3/3
   859 | D:2      | Identified the +0 helmet of Suymim {+Inv Str+3}
   859 | D:2      | Noticed Robin
   876 | D:2      | Killed Robin
   877 | D:2      | Reached XP level 4. HP: 13/28 MP: 4/4
   961 | D:2      | Noticed Jessica
   969 | D:2      | Killed Jessica
   984 | D:2      | Slain by a gnoll

Illustrated notes

Levels and vault maps discovered:
D:1:      denvon_arrival_waterhouse, layout_loops_ring, serial_aquarium,
          aquarium_bridge_square [aquarium_subvault_wall,
          aquarium_subvault_bridge, aquarium_subvault_bridge,
          aquarium_subvault_wall], aquarium_window_corner, aquarium_window_1,
          aquarium_view_2e, aquarium_balcony_1a, aquarium_pool_corner,
          hangedman_decor_riveting, minmay_pentomino_p4
D:2:      layout_basic, supply_closet_lemuel, minmay_strange_pillars,
          uniq_robin, uniq_jessica, uniq_crazy_yiuf_cottage

Skill      XL: |  1  2  3  4 |
---------------+-------------+-----
Armour         | 1 2 |  2.3
Fighting       | |  3.6
Maces & Flails | |  3.7
Throwing       | |  0.8
Dodging        | |  2.7
Stealth        | |  0.4

Action                     |  1- 3 |  4- 6 || total
---------------------------+-------+-------++-------
  Melee: Mace              |    78 |    14 ||    92
  Throw: Boomerang         |     9 |       ||     9
 Armour: Robe              |    36 |     6 ||    42
  Dodge: Dodged            |    58 |     8 ||    66

Table legend: (Time is in decaauts)
 A = Elapsed time spent in this place.
 B = Non-inter-level travel time spent in this place.
 C = Inter-level travel time spent in this place.
 D = Time resting spent in this place.
 E = Time spent auto-exploring this place.
 F = Levels seen in this place.
 G = Mean time per level.
                   A        B        C        D        E       F      G
               +--------+--------+--------+--------+--------+-----+--------+
         Total |   1008 |    876 |    132 |      0 |    633 |   2 |  504.0 |
       Dungeon |   1008 |    876 |    132 |      0 |    633 |   2 |  504.0 |
               +--------+--------+--------+--------+--------+-----+--------+

Top non-repeatable levels by time:
     D:1: 777 daAuts
     D:2: 230 daAuts
